 Dungeon Crawl Stone Soup version 0.26.1-11-gd32895ea62 (webtiles) character file.

Game seed: 12313035813965321098

6612 Almogavar the Cleaver (level 11, 0/95 HPs)
             Began as a Hill Orc Fighter on May 28, 2021.
             Was a Believer of Makhleb.
             Slain by Sonja
             ... wielding a +2 short sword of distortion
              (13 damage)
             ... on level 10 of the Dungeon.
             The game lasted 00:22:06 (9074 turns).

Almogavar the Cleaver (Hill Orc Fighter)            Turns: 9074, Time: 00:22:08

Health: 0/95       AC: 12    Str: 23    XL:     11   Next: 2%
Magic:  11/11      EV: 12    Int:  8    God:    Makhleb [**....]
Gold:   619        SH: 12    Dex: 16    Spells: 10/10 levels left

rFire    . . .     SeeInvis .   a - +1 war axe
rCold    . . .     Faith    .   c - +0 kite shield
rNeg     + + .     Spirit   .   J - +2 ring mail {rN+}
rPois    .         Reflect  .   e - +0 helmet
rElec    .         Harm     .   x - +0 cloak
rCorr    .         Rampage  .   k - +0 pair of gloves
Will     .....                  (no boots)
Stlth    +.........             v - amulet of regeneration
HPRegen  0.65/turn              L - +6 ring of dexterity
MPRegen  0.12/turn              w - ring of positive energy

@: slowed, very slow
A: no striking features
a: Renounce Religion, Minor Destruction


You were on level 10 of the Dungeon.
You worshipped Makhleb.
Makhleb was pleased with you.
You visited 2 branches of the dungeon, and saw 11 of its levels.

You collected 654 gold pieces.
You spent 35 gold pieces at shops.

Inventory:

Hand Weapons
 a - a +1 war axe (weapon)
 F - a +1 trident of protection
Missiles
 r - 11 poisoned darts (quivered)
 M - 8 silver boomerangs
Armour
 c - a +0 kite shield (worn)
 e - a +0 helmet (worn)
 k - a +0 pair of gloves (worn)
 x - a +0 cloak (worn)
 D - a +0 chain mail
 J - a +2 ring mail of positive energy (worn)
Jewellery
 g - an uncursed ring of willpower
 v - an amulet of regeneration (around neck)
 w - a ring of positive energy (right hand)
 C - an uncursed ring of wizardry
 L - a +6 ring of dexterity (left hand)
Wands
 b - a wand of digging (10)
 o - a wand of disintegration (26)
 p - a wand of paralysis (8)
 B - a wand of flame (22)
Scrolls
 f - 2 scrolls of amnesia
 l - 6 scrolls of teleportation
 q - 2 scrolls of enchant weapon
 s - a scroll of blinking
 u - 2 scrolls of remove curse
 y - 3 scrolls of fear
 z - a scroll of fog
 A - a scroll of enchant armour
 G - 5 scrolls of magic mapping
 I - a scroll of identify
 K - 2 scrolls of holy word
Potions
 d - 3 potions of might
 h - a potion of ambrosia
 i - a potion of haste
 j - a potion of cancellation
 m - 2 potions of flight
 n - 4 potions of heal wounds
 t - 3 potions of berserk rage
 E - 5 potions of curing
 H - 2 potions of invisibility


   Skills:
 + Level 8.5 Fighting
 + Level 13.6 Axes
 - Level 1.6(7.7) Polearms
 + Level 0.3 Throwing
 + Level 7.2 Armour
 + Level 3.4 Dodging
 + Level 9.0 Shields


You had 10 spell levels left.
You didn't know any spells.
Your spell library contained the following spells:

 Spells                   Type           Power        Failure   Level
 Magic Dart               Conj           0%           80%         1
 Searing Ray              Conj           0%           91%         2
 Dazzling Flash           Conj/Hex       0%           99%         3
 Fulminant Prism          Conj/Hex       0%           100%        4
 Iskenderun's Mystic Bla  Conj/Tloc      0%           100%        4


Dungeon Overview and Level Annotations

Branches:
Dungeon (10/15)            Temple (1/1) D:6            Lair (0/6) D:9
    Orc: D:9-12

Altars:
Ashenzari
Cheibriados
Dithmenos
Elyvilon
Fedhas
Gozag
Hepliaklqana
Kikubaaqudgha
Makhleb
Nemelex Xobeh
Okawaru
Qazlal
Ru
Sif Muna
Trog
Uskayaw
Vehumet
Wu Jian
Xom
Yredelemnul
Zin
The Shining One

Shops:
D:10 *

Annotations:
D:8 1 runed translucent door
D:10 Sonja


Message History

Space bends around you.
* * * LOW HITPOINT WARNING * * *
Sonja hits you but does no damage. Space warps horribly around you!
* * * LOW HITPOINT WARNING * * *
Sonja hits you but does no damage.
You blink.
You feel better.
You completely miss Sonja.
Sonja is moderately wounded.
Sonja hits you with a +2 short sword of distortion.
* * * LOW HITPOINT WARNING * * *
You blink.
You are too injured to fight recklessly!
You closely miss Sonja.
Sonja is moderately wounded.
Sonja twirls her cape.
Sonja hits you but does no damage. Space warps horribly around you!
* * * LOW HITPOINT WARNING * * *
Sonja closely misses you. You block Sonja's attack. Sonja closely misses you.
Sonja hits you but does no damage. Space warps horribly around you!
You die...

#..# #.#...#... ##(#
####.####' #.# #(#.... #(#
##### ##.#####
#####.###...###...###.
#'((.(....♣....._.....
#≈≈≈≈≈#......#...###...###.
#.... #((K..######.##.##.##
#... #(.(@(.((#...)#.#....
##.. #.....##.....##.##..#
#'######....(####...#...#..#
#.....(..##### #####.♣.#.##
########## #...#.# ##.##.#
#....# ######


You could see Sonja.

Vanquished Creatures
  Erolcha (D:9)
  Harold (D:10)
  A hydra (D:8)
  Erica (D:10)
  A troll (D:9)
  2 dream sheep (D:8)
  A water moccasin (D:5)
  A black bear (D:10)
  2 orc warriors
  A sky beast (D:8)
  A necrophage (D:5)
  A phantom (D:9)
  An ogre (D:6)
  7 centaurs
  3 big kobolds (D:8)
  A bullfrog (D:10)
  3 scorpions
  3 wights (D:9)
  7 killer bees
  2 hounds
  A bullfrog skeleton (D:5)
  A jelly (D:10)
  4 orc priests
  8 orc wizards
  10 worker ants
  4 iguanas
  A hound zombie (D:6)
  3 hound skeletons
  2 worker ant zombies
  A gnoll (D:1)
  A howler monkey skeleton (D:10)
  5 adders
  2 shadow imps
  2 white imps
  An ufetubus (D:6)
  An ooze (D:2)
  An adder skeleton (D:8)
  2 worms (D:2)
  5 leopard geckos
  31 orcs
  2 ball pythons
  9 bats
  6 giant cockroaches
  9 hobgoblins
  7 jackals
  8 kobolds
  2 quokkas
  7 frilled lizards
  7 goblins
  A leopard gecko skeleton (D:6)
  A quokka skeleton (D:6)
  4 rats
  A butterfly (D:8)
191 creatures vanquished.

Vanquished Creatures (others)
  An ufetubus (D:6)
  6 plants (D:8)
7 creatures vanquished.

Grand Total: 198 creatures vanquished

Notes
Turn   | Place    | Note
-------+----------+-------------------------------------------
     0 | D:1      | Almogavar the Hill Orc Fighter began the quest for the Orb.
     0 | D:1      | Reached XP level 1. HP: 19/19 MP: 1/1
   244 | D:1      | Reached XP level 2. HP: 27/27 MP: 2/2
   342 | D:1      | Reached XP level 3. HP: 33/33 MP: 3/3
   734 | D:1      | Reached skill level 3 in Axes
  1132 | D:2      | Reached XP level 4. HP: 40/40 MP: 4/4
  1334 | D:2      | Found a broken altar of Ashenzari.
  1368 | D:2      | Found a stormy altar of Qazlal.
  1439 | D:2      | Found an ancient bone altar of Kikubaaqudgha.
  1613 | D:3      | Reached skill level 4 in Axes
  1613 | D:3      | Reached XP level 5. HP: 13/46 MP: 5/5
  1830 | D:2      | Found a hazy altar of Hepliaklqana.
  2417 | D:4      | Found a shadowy altar of Dithmenos.
  2445 | D:4      | Found a bloodstained altar of Trog.
  2445 | D:4      | Found an iron altar of Okawaru.
  2491 | D:4      | Reached skill level 5 in Axes
  2496 | D:4      | Reached XP level 6. HP: 51/53 MP: 6/6
  2525 | D:4      | Found a glowing golden altar of the Shining One.
  3088 | D:5      | Entered Level 5 of the Dungeon
  3127 | D:5      | Noticed a water moccasin
  3139 | D:5      | Killed a water moccasin
  3140 | D:5      | Reached skill level 6 in Axes
  3229 | D:5      | Noticed a necrophage
  3242 | D:5      | Killed a necrophage
  3243 | D:5      | Reached XP level 7. HP: 58/60 MP: 7/7
  3313 | D:5      | Reached skill level 1 in Dodging
  3445 | D:5      | Found a sacrificial altar of Ru.
  3452 | D:5      | Reached skill level 7 in Axes
  3686 | D:5      | Found a broken altar of Ashenzari.
  4165 | D:6      | Reached skill level 5 in Shields
  4353 | D:6      | Reached skill level 5 in Fighting
  4353 | D:6      | Reached skill level 5 in Armour
  4412 | D:6      | Reached skill level 8 in Axes
  4540 | D:6      | Reached XP level 8. HP: 68/68 MP: 8/8
  4684 | D:6      | Found a shimmering blue altar of Sif Muna.
  4786 | D:6      | Found a staircase to the Ecumenical Temple.
  4805 | Temple   | Entered the Ecumenical Temple
  4868 | Temple   | Became a worshipper of Makhleb the Destroyer
  5033 | D:6      | Found a radiant altar of Vehumet.
  5265 | D:7      | Found a white marble altar of Elyvilon.
  5307 | D:7      | Found a sparkling altar of Nemelex Xobeh.
  5615 | D:7      | Got a brightly glowing mace
  5616 | D:7      | Identified the +6 mace "Leviticus" {distort, +Fly MP+9
                  | Str-2 Int+5} (You found it on level 7 of the Dungeon)
  5770 | D:8      | Reached skill level 9 in Axes
  5910 | D:8      | Noticed a dream sheep
  5910 | D:8      | Noticed a dream sheep
  5922 | D:8      | Killed a dream sheep
  5930 | D:8      | Killed a dream sheep
  5931 | D:8      | Reached skill level 10 in Axes
  5938 | D:8      | Reached XP level 9. HP: 68/75 MP: 9/9
  6050 | D:8      | Reached * piety under Makhleb
  6332 | D:8      | Found a runed translucent door.
  6334 | D:8      | Found a runed translucent door.
  6475 | D:8      | Reached skill level 11 in Axes
  6632 | D:8      | Noticed a two-headed hydra
  6648 | D:8      | Killed a three-headed hydra
  6649 | D:8      | Reached skill level 1 in Polearms
  7076 | D:8      | Reached XP level 10. HP: 85/86 MP: 10/10
  7336 | D:9      | You fall into a shaft and drop 1 floor!
  7336 | D:10     | Entered Level 10 of the Dungeon
  7336 | D:10     | Found Caplucy's General Store.
  7342 | D:10     | Reached skill level 12 in Axes
  7365 | D:10     | Bought a scroll of magic mapping for 35 gold pieces
  7413 | D:10     | Noticed Erica
  7461 | D:10     | Reached ** piety under Makhleb
  7755 | D:9      | Found a staircase to the Lair.
  7828 | D:9      | Noticed Erolcha
  7843 | D:9      | Killed Erolcha
  8301 | D:10     | Noticed Harold
  8321 | D:10     | Killed Harold
  8322 | D:10     | Reached skill level 13 in Axes
  8404 | D:10     | Found a white marble altar of Elyvilon.
  8577 | D:10     | Killed Erica
  8578 | D:10     | Reached XP level 11. HP: 95/95 MP: 11/11
  8937 | D:10     | Noticed Sonja
  9074 | D:10     | Slain by Sonja

Illustrated notes

Levels and vault maps discovered:
D:1:      evilmike_arrival_plus, layout_basic
D:2:      layout_basic, nicolae_overflow_hidden_temple
D:3:      layout_rooms, kennysheep_generic_room_7
D:4:      layout_basic, grunt_temple_overflow_bloody_war, old_standard_altar,
          lemuel_doored_altar
D:5:      layout_loops_corners, nicolae_ru_awakened_eye,
          nicolae_ashenzari_panopticon
D:6:      layout_basic, kennysheep_mini_moat, overflow_temple_1_default,
          minmay_temple_entry_crystal_x
D:7:      layout_basic, lemuel_crystal_altar, nemelex_xobeh_ov_fountains_minmay
D:8:      lemuel_insect_pit, layout_basic, hangedman_ranch
          [blue_anna_fruit_fields]
D:9:      layout_small_grid, lair_entry_dummy, uniq_erolcha
D:10:     layout_roguey, serial_shops, shop, chequers_serial_rivers_room_a,
          elyvilon_altar_1, uniq_harold, uniq_sonja, uniq_erica
Temple:   jpeg_temple_island

Skill      XL: |  1  2  3  4  5  6  7  8  9 10 |
---------------+-------------------------------+-----
Shields        | 4 5 6 7 9 |  9.0
Axes           | 3 4 5 6 8 10 11 13 | 13.6
Fighting       | 4 5 6 7 8 |  8.5
Armour         | 4 5 6 7 |  7.2
Dodging        | 1 2 3 |  3.4
Polearms       | 1 |  1.6
Throwing       | |  0.3

Action                   |  1- 3 |  4- 6 |  7- 9 | 10-12 || total
-------------------------+-------+-------+-------+-------++-------
Melee: War axe           |   100 |   121 |   370 |   138 ||   729
       Trident           |       |       |    15 |       ||    15
Throw: Dart              |       |     1 |     1 |    14 ||    16
  Use: Scroll            |       |    11 |     5 |     5 ||    21
       Potion            |       |     2 |     3 |     2 ||     7
Armor: Scale mail        |    52 |    45 |    57 |       ||   154
       Ring mail         |       |       |    66 |    50 ||   116
       Skin              |       |       |     9 |       ||     9
Dodge: Dodged            |    27 |    39 |   106 |    46 ||   218
Block: Kite shield       |    57 |    67 |   189 |    78 ||   391
